[Event "36th Zalakaros Festival 2017"]
[Site "Zalakaros"]
[Date "2017.05.24"]
[Round "7"]
[White "Raja Harshit"]
[Black "Varga, Klara"]
[Result "1-0"]
[ECO "C15"]
[WhiteElo "2334"]
[BlackElo "2240"]
[Annotator "NA"]
[PlyCount "81"]
[EventDate "2017.??.??"]
[EventType "swiss"]
[EventCountry "HUN"]
[SourceTitle "playchess.com"]
[Source "ChessBase"]
[SourceQuality "1"]
[TimeControl "40/5400+30:1800+30"]

1. e4 e6 2. d4 d5 3. Nc3 Bb4 4. Nge2 c5 5. exd5 Qxd5 6. a3 Bxc3+ 7. Nxc3 Qxd4 8. Qxd4 cxd4 9. Nb5 Na6 10. Nxd4 Nc7 11. Bf4 Nd5 12. Bd6 Bd7 13. c4 Nb6 14. a4 Rc8 $16 15. b3 Nf6 16. f3 Kd8 17. Kf2 Ne8 18. Bb4 e5 19. Nb5 Bxb5 20. axb5 Ra8 21. c5 Nd7 22. Bc4 Nc7 23. Rhd1 Kc8 24. Rac1 f6 25. Rd2 b6 26. c6 Nb8 27. Be7 a6 28. bxa6 Re8 29. Bd6 Nbxa6 30. b4 b5 31. Bb3 Nb8 32. Bf7 Rd8 33. Be6+ Nxe6 34. c7 Rxd6 35. cxb8=Q+ Kxb8 36. Rxd6 Ra2+ 37. Kf1 Nf4 38. Rd8+ Kb7 39. Rd7+ Kb8 40. Rxg7 Nd3 41. Rd1 1-0

[Event "36th Zalakaros Festival 2017"]
[Site "Zalakaros"]
[Date "2017.05.24"]
[Round "7"]
[White "Szabo, Marton Mihaly"]
[Black "Terbe, Julianna"]
[Result "1-0"]
[ECO "B30"]
[WhiteElo "2298"]
[BlackElo "2258"]
[Annotator "NA"]
[PlyCount "55"]
[EventDate "2017.??.??"]
[EventType "swiss"]
[EventCountry "HUN"]
[SourceTitle "playchess.com"]
[Source "ChessBase"]
[SourceQuality "1"]
[TimeControl "40/5400+30:1800+30"]

1. e4 c5 2. Nf3 Nc6 3. Bb5 Qc7 4. O-O a6 5. Bxc6 $14 dxc6 6. d4 cxd4 7. Qxd4 c5 8. Qe3 Bg4 9. c4 e6 10. Nc3 Ne7 11. Ne1 f6 12. h3 Bh5 13. Nd3 b6 14. e5 f5 15. Qg3 h6 16. h4 Rd8 17. Re1 Bf7 18. Nf4 g6 19. Ncd5 exd5 20. e6 Bxe6 21. Rxe6 Rg8 22. cxd5 Kf7 23. Qf3 Bg7 24. Bd2 Rge8 25. Rae1 Qd7 26. Nxg6 Nxd5 27. Qxf5+ Kg8 28. Rxe8+ 1-0

[Event "36th Zalakaros Festival 2017"]
[Site "Zalakaros"]
[Date "2017.05.24"]
[Round "7"]
[White "Marosi, Levente"]
[Black "Secheres, Adrian-Simion"]
[Result "1-0"]
[ECO "C11"]
[WhiteElo "2286"]
[BlackElo "2309"]
[Annotator "NA"]
[PlyCount "75"]
[EventDate "2017.??.??"]
[EventType "swiss"]
[EventCountry "HUN"]
[SourceTitle "playchess.com"]
[Source "ChessBase"]
[SourceQuality "1"]
[TimeControl "40/5400+30:1800+30"]

1. e4 e6 2. d4 d5 3. Nc3 Nf6 4. e5 Nfd7 5. f4 c5 6. Nf3 Nc6 7. Be3 Be7 8. Qd2 O-O 9. dxc5 Bxc5 10. O-O-O Qa5 11. a3 Rd8 12. Kb1 Rb8 13. Bxc5 Nxc5 14. Qe3 a6 15. h4 Na4 $2 (15... Nd7 $14) 16. Nxa4 $18 Qxa4 17. Bd3 b5 18. c3 b4 19. cxb4 Bd7 20. Rc1 Rb7 21. Rc5 Nxb4 22. axb4 Qxb4 23. Rc2 Ba4 24. Re2 Rdb8 25. Rc1 Bb3 26. Qc5 Bc4 27. Rxc4 dxc4 28. Qxc4 Qa3 29. Qd4 Rb4 30. Bc4 Ra4 31. Rd2 Qa1+ 32. Kc2 h6 33. b3 Ra2+ 34. Kd3 Qb1+ 35. Ke2 Ra1 36. Kf2 Qh1 37. Qd6 Rf8 38. f5 1-0

[Event "36th Zalakaros Festival 2017"]
[Site "Zalakaros"]
[Date "2017.05.24"]
[Round "7"]
[White "Krstulovic, Alex"]
[Black "Sadhwani, Raunak"]
[Result "0-1"]
[ECO "E70"]
[WhiteElo "2280"]
[BlackElo "2298"]
[Annotator "NA"]
[PlyCount "98"]
[EventDate "2017.??.??"]
[EventType "swiss"]
[EventCountry "HUN"]
[SourceTitle "playchess.com"]
[Source "ChessBase"]
[SourceQuality "1"]
[TimeControl "40/5400+30:1800+30"]

1. d4 Nf6 2. c4 g6 3. Nc3 Bg7 4. e4 d6 5. Nge2 O-O 6. Ng3 Nbd7 7. Be2 h5 8. Be3 c5 9. d5 a6 10. a4 Qb6 11. a5 Qc7 12. Nf1 b6 13. axb6 Qxb6 14. Ra2 Ng4 $14 15. Bxg4 hxg4 16. Nd2 Ne5 17. Qc2 f5 18. Ne2 fxe4 19. O-O Nd3 20. Nxe4 Nb4 21. Qb3 Nxd5 22. Qxb6 Nxb6 23. b3 Bf5 24. N4c3 Rfb8 25. Bd2 Nd7 26. Nc1 Ne5 27. Nd5 Rb7 28. Re1 Nc6 29. Nc3 Nd4 30. Nb5 Nxb5 31. cxb5 Kf7 32. bxa6 Rba7 33. b4 cxb4 34. Bxb4 Rxa6 35. Rae2 Bf6 36. Bd2 Rb8 37. f4 gxf3 38. gxf3 Bh4 39. Rf1 Rb2 40. Be1 Bf6 41. Rxb2 Bxb2 42. Bg3 e5 43. Ne2 Rc6 44. f4 Rc2 45. Re1 Bd3 46. fxe5 Rxe2 47. Rxe2 Bxe2 48. exd6 Ke6 49. Kf2 Bh5 0-1

[Event "36th Zalakaros Festival 2017"]
[Site "Zalakaros"]
[Date "2017.05.24"]
[Round "7"]
[White "Szalanczy, Emil"]
[Black "Chovan, Milan"]
[Result "0-1"]
[ECO "A30"]
[WhiteElo "2230"]
[BlackElo "2288"]
[Annotator "NA"]
[PlyCount "88"]
[EventDate "2017.??.??"]
[EventType "swiss"]
[EventCountry "HUN"]
[SourceTitle "playchess.com"]
[Source "ChessBase"]
[SourceQuality "1"]
[TimeControl "40/5400+30:1800+30"]

1. c4 c5 2. g3 Nf6 3. Bg2 d5 4. Nf3 Nc6 5. O-O e5 6. d3 {[%emt 0:01:18] LiveBook: 64 Games} Be7 7. Nc3 d4 8. Na4 h6 9. e4 Be6 10. Kh1 Nd7 11. Ng1 f6 12. Bh3 Bf7 13. f4 Qc7 14. Bd2 Bd6 15. f5 b5 $11 16. cxb5 Nb4 17. Bxb4 cxb4 18. Rc1 Qa5 19. b3 Qxb5 20. Nf3 O-O 21. Nb2 Rfc8 22. Nc4 Bf8 23. Nh4 a5 24. Ng6 Rc6 25. Bg4 Rca6 26. Nb2 Nc5 27. Bh5 Bd6 28. Rf2 a4 29. Rxc5 Bxc5 30. Nxa4 Bd6 31. Rc2 Rc6 32. Rxc6 Qxc6 33. Kg2 Rc8 34. Kh3 Qc2 35. Qf3 Qxa2 36. Nb6 Rc2 37. Qh1 Qxb3 38. Nd5 Qa2 39. Nge7+ Bxe7 40. Nxe7+ Kf8 41. Ng6+ Ke8 42. Bd1 Rd2 43. Bf3 b3 44. Bd1 Qb1 0-1

[Event "36th Zalakaros Festival 2017"]
[Site "Zalakaros"]
[Date "2017.05.24"]
[Round "7"]
[White "Hardicsay, Peter"]
[Black "Risting, Eivind Olav"]
[Result "1/2-1/2"]
[ECO "A14"]
[WhiteElo "2218"]
[BlackElo "2297"]
[Annotator "NA"]
[PlyCount "47"]
[EventDate "2017.??.??"]
[EventType "swiss"]
[EventCountry "HUN"]
[SourceTitle "playchess.com"]
[Source "ChessBase"]
[SourceQuality "1"]
[TimeControl "40/5400+30:1800+30"]

1. Nf3 Nf6 2. c4 e6 3. g3 d5 4. Bg2 Be7 5. O-O O-O 6. d4 dxc4 7. Qa4 a6 8. Qxc4 b5 9. Qc2 Bb7 10. Bf4 Nc6 11. Rd1 Rc8 {[%emt 0:00:00] LiveBook: 5 Games} 12. a3 Na5 13. Nc3 Bd6 14. Ne5 $11 Bxg2 15. Kxg2 Nd5 16. Nxd5 exd5 17. b3 Qe8 18. Qb2 Nb7 19. Rac1 Bxe5 20. dxe5 Qe6 21. Qd4 c6 22. b4 Nd8 23. e4 dxe4 24. Qxe4 1/2-1/2

[Event "36th Zalakaros Festival 2017"]
[Site "Zalakaros"]
[Date "2017.05.24"]
[Round "7"]
[White "Jakab, Bela"]
[Black "Blohberger, Felix"]
[Result "0-1"]
[ECO "C11"]
[WhiteElo "2216"]
[BlackElo "2319"]
[Annotator "NA"]
[PlyCount "84"]
[EventDate "2017.??.??"]
[EventType "swiss"]
[EventCountry "HUN"]
[SourceTitle "playchess.com"]
[Source "ChessBase"]
[SourceQuality "1"]
[TimeControl "40/5400+30:1800+30"]

1. e4 e6 2. d4 d5 3. Nc3 Nf6 4. e5 Nfd7 5. f4 c5 6. Nf3 Nc6 7. Be3 a6 8. Qd2 {[%emt 0:00:53] LiveBook: 1922 Games} b5 9. a3 Qa5 10. dxc5 Bxc5 11. Bxc5 Nxc5 12. Bd3 O-O 13. O-O Qb6 14. Kh1 b4 15. Ne2 $15 a5 16. Qe3 Ba6 17. Bxh7+ Kxh7 18. Ng5+ Kg8 19. Qh3 Rfe8 20. f5 Nxe5 21. f6 gxf6 22. Rxf6 Kf8 23. Nf4 Rad8 24. Ng6+ Kg7 25. Rf2 f5 26. Nxe5 Rh8 27. Qg3 Kf6 28. Nef7 Qb8 29. Qxb8 Rxb8 30. Nxh8 Kxg5 31. axb4 Ne4 32. Rf3 Rxh8 33. Rxa5 Be2 34. Rfa3 Kf4 35. Ra8 Rh7 36. R3a7 Rh6 37. Rb8 Ke3 38. b5 Kf2 39. Rg7 f4 40. h3 Ng3+ 41. Kh2 Nf1+ 42. Kh1 Rxh3+ 0-1

[Event "36th Zalakaros Festival 2017"]
[Site "Zalakaros"]
[Date "2017.05.25"]
[Round "8"]
[White "Meszaros, Tamas"]
[Black "Rahul Srivatshav P"]
[Result "1-0"]
[ECO "C03"]
[WhiteElo "2401"]
[BlackElo "2303"]
[Annotator "NA"]
[PlyCount "113"]
[EventDate "2017.??.??"]
[EventType "swiss"]
[EventCountry "HUN"]
[SourceTitle "playchess.com"]
[Source "ChessBase"]
[SourceQuality "1"]
[TimeControl "40/5400+30:1800+30"]

1. e4 e6 2. d4 d5 3. Nd2 Be7 4. Ngf3 Nf6 5. e5 Nfd7 6. Bd3 c5 7. c3 Nc6 8. O-O g5 9. dxc5 g4 10. Nd4 Ndxe5 11. Bb5 Bd7 12. N2b3 h5 13. f4 gxf3 14. Nxf3 Qc7 15. Bf4 Nxf3+ 16. Qxf3 e5 17. Bg3 Be6 18. Rae1 f6 19. Nd4 Bd7 20. Qxd5 Nxd4 21. Bxd7+ Qxd7 22. Qxd7+ Kxd7 23. cxd4 exd4 24. Rf5 a5 25. Bf2 Rae8 26. Bxd4 Bxc5 27. Rd5+ Bd6 28. Rd1 Kc6 29. Rxa5 Re2 30. Rc1+ Kd7 31. Rb5 Rg8 32. Rxb7+ Ke6 33. Bf2 Be5 34. Rb6+ Kf5 35. Rf1 Ke4 36. Rb4+ Kd3 37. Rd1+ Kc2 38. Rd5 Kb1 39. a4 Rc8 40. Rd1+ Ka2 41. Rh4 Rcc2 42. Rf1 Rcd2 43. b4 Bb8 44. g3 Kb3 45. a5 f5 46. a6 Ra2 47. b5 Red2 48. Rxh5 f4 49. gxf4 Bxf4 50. a7 Rd7 51. Rh3+ Kc2 52. Rh8 Rg7+ 53. Kh1 Kd3 54. a8=Q Rxa8 55. Rxa8 Ke2 56. Raa1 Rh7 57. Bg1 1-0

[Event "36th Zalakaros Festival 2017"]
[Site "Zalakaros"]
[Date "2017.05.25"]
[Round "8"]
[White "Hnydiuk, Aleksander"]
[Black "Tate, Alan"]
[Result "1-0"]
[ECO "D02"]
[WhiteElo "2390"]
[BlackElo "2320"]
[Annotator "NA"]
[PlyCount "57"]
[EventDate "2017.??.??"]
[EventType "swiss"]
[EventCountry "HUN"]
[SourceTitle "playchess.com"]
[Source "ChessBase"]
[SourceQuality "1"]
[TimeControl "40/5400+30:1800+30"]

1. Nf3 d5 2. d4 Nf6 3. c4 e6 4. g3 Bb4+ 5. Bd2 Bd6 6. Qc2 c6 7. Nc3 O-O 8. e4 Nxe4 9. Nxe4 dxe4 10. Qxe4 f5 11. Qc2 c5 12. O-O-O Nc6 13. Bc3 Qb6 14. Bg2 a5 15. Kb1 Nb4 16. Qd2 Qa6 17. b3 Qc6 18. d5 exd5 19. Bxb4 d4 20. Nh4 Qb6 21. Bd5+ Rf7 22. Ba3 f4 23. Rhe1 g5 24. Nf3 Bf5+ 25. Ka1 a4 26. b4 cxb4 27. Bb2 a3 28. Bxd4 Qd8 29. Ne5 1-0

[Event "36th Zalakaros Festival 2017"]
[Site "Zalakaros"]
[Date "2017.05.25"]
[Round "8"]
[White "Hemant, Sharma"]
[Black "Gazik, Igor"]
[Result "1-0"]
[ECO "A04"]
[WhiteElo "2380"]
[BlackElo "2292"]
[Annotator "NA"]
[PlyCount "131"]
[EventDate "2017.??.??"]
[EventType "swiss"]
[EventCountry "HUN"]
[SourceTitle "playchess.com"]
[Source "ChessBase"]
[SourceQuality "1"]
[TimeControl "40/5400+30:1800+30"]

1. Nf3 d6 2. g3 e5 3. d3 g6 4. Bg2 Bg7 5. c4 f5 6. Nc3 c6 7. Rb1 Nf6 8. b4 O-O 9. O-O h6 10. b5 c5 11. Ne1 Nh5 12. Nd5 f4 13. e3 fxg3 14. fxg3 Rxf1+ 15. Kxf1 Nf6 16. Nxf6+ Qxf6+ 17. Kg1 Nd7 18. Nf3 Qe7 19. Nh4 Nf8 20. Be4 Kh7 21. Qh5 Qg5 22. Qf3 Qe7 23. Bd2 Bf6 24. Qh5 Bxh4 25. gxh4 Kg7 26. Qf3 h5 27. Rf1 Bg4 28. Qg2 Rb8 29. h3 Be6 30. Qg3 Bf7 31. Bc3 Nd7 32. Rf5 Nf6 33. Bg2 Re8 34. Rf2 Bg8 35. Kh2 Be6 36. a4 b6 37. Bc6 Bd7 38. Rg2 Qf7 39. Bf3 Re7 40. e4 Re8 41. Bd2 Rf8 42. Be2 Be8 43. Kg1 Kh7 44. Rf2 Qg7 45. Rf1 a5 46. bxa6 Bxa4 47. Qg5 Nd7 48. Ra1 Bc6 49. Be3 Ra8 50. Kh2 Kh8 51. Rg1 Rxa6 52. Bxh5 Nf8 53. Rg2 Be8 54. Qd8 Bf7 55. Qxd6 Ra3 56. Bg5 Kh7 57. Bg4 Bg8 58. Rf2 Ra8 59. Bf6 Qf7 60. Kg2 Ne6 61. Bxe5 Qe8 62. Qxb6 Rd8 63. Rf6 Ng7 64. Qc7 Rxd3 65. Rf2 Rd7 66. Bxd7 1-0

[Event "36th Zalakaros Festival 2017"]
[Site "Zalakaros"]
[Date "2017.05.25"]
[Round "8"]
[White "Lazarne Vajda, Szidonia"]
[Black "Pujari, Rucha"]
[Result "1/2-1/2"]
[ECO "C55"]
[WhiteElo "2357"]
[BlackElo "2203"]
[Annotator "NA"]
[PlyCount "74"]
[EventDate "2017.??.??"]
[EventType "swiss"]
[EventCountry "HUN"]
[SourceTitle "playchess.com"]
[Source "ChessBase"]
[SourceQuality "1"]
[TimeControl "40/5400+30:1800+30"]

1. e4 e5 2. Nf3 Nc6 3. Bc4 Nf6 4. d4 exd4 5. e5 Ng4 6. O-O d6 7. exd6 Bxd6 8. Re1+ Kf8 9. Nbd2 Nge5 10. h3 h6 11. b3 Qf6 12. Nxe5 Nxe5 13. Ne4 Qg6 14. Nxd6 Bxh3 15. Bd5 cxd6 16. Ba3 Kg8 17. Bxb7 Rd8 18. Be4 f5 19. Bd5+ Kh7 20. f4 Bg4 21. Qd2 Nf3+ 22. Bxf3 Bxf3 23. Bb2 Rhe8 24. Qf2 Be4 25. Bxd4 Rc8 26. c3 Bb7 27. Rad1 a6 28. c4 Rxe1+ 29. Rxe1 Re8 30. Rxe8 Qxe8 31. Qg3 g6 32. Qe3 Qxe3+ 33. Bxe3 Be4 34. b4 Bd3 35. c5 dxc5 36. bxc5 Be4 37. g3 Kg7 1/2-1/2

[Event "36th Zalakaros Festival 2017"]
[Site "Zalakaros"]
[Date "2017.05.25"]
[Round "8"]
[White "Rapport, Jovana"]
[Black "Banzea, Alexandru-Bogdan"]
[Result "1/2-1/2"]
[ECO "A45"]
[WhiteElo "2334"]
[BlackElo "2278"]
[Annotator "NA"]
[PlyCount "120"]
[EventDate "2017.??.??"]
[EventType "swiss"]
[EventCountry "HUN"]
[SourceTitle "playchess.com"]
[Source "ChessBase"]
[SourceQuality "1"]
[TimeControl "40/5400+30:1800+30"]

1. d4 Nf6 2. Nc3 d5 3. Bf4 g6 4. Nb5 Na6 5. e3 Bg7 6. h3 O-O 7. Nf3 c6 8. Nc3 c5 9. Bxa6 bxa6 10. Be5 cxd4 11. exd4 Bf5 12. O-O Ne4 13. Ne2 Rc8 14. Nc1 Qb6 15. Nb3 Nd6 16. c3 Nc4 17. Bxg7 Kxg7 18. Qe2 a5 19. Ne5 a4 20. Nc5 Qxb2 21. Qxb2 Nxb2 22. g4 Be6 23. a3 Rxc5 24. dxc5 f6 25. Rab1 fxe5 26. Rxb2 Rc8 27. Re1 Kf6 28. Rb5 h5 29. f3 hxg4 30. hxg4 Bd7 31. Ra5 Be8 32. Rb1 e6 33. Kf2 g5 34. Ke3 a6 35. Rb6 Bb5 36. c6 Ke7 37. Raxa6 Bxa6 38. Rxa6 Kd6 39. Rxa4 Rxc6 40. Kd3 Kc5 41. Ra8 Rc7 42. a4 Rf7 43. Ke3 Rf4 44. Ra5+ Kc4 45. Ra6 Kxc3 46. Rxe6 d4+ 47. Ke2 d3+ 48. Ke3 Rd4 49. Rc6+ Kb3 50. Kd2 Kxa4 51. Rc5 Rf4 52. Ke3 Rd4 53. Kd2 Rf4 54. Rxe5 Rxf3 55. Rxg5 Kb4 56. Rf5 Rxf5 57. gxf5 Kc5 58. Kxd3 Kd5 59. Kc3 Ke5 60. Kb3 Kxf5 1/2-1/2

[Event "36th Zalakaros Festival 2017"]
[Site "Zalakaros"]
[Date "2017.05.25"]
[Round "8"]
[White "Tica, Sven"]
[Black "Ugroczky, Peter"]
[Result "1-0"]
[ECO "E09"]
[WhiteElo "2332"]
[BlackElo "2185"]
[Annotator "NA"]
[PlyCount "47"]
[EventDate "2017.??.??"]
[EventType "swiss"]
[EventCountry "HUN"]
[SourceTitle "playchess.com"]
[Source "ChessBase"]
[SourceQuality "1"]
[TimeControl "40/5400+30:1800+30"]

1. d4 d5 2. c4 e6 3. Nf3 Nf6 4. g3 Be7 5. Bg2 O-O 6. O-O c6 7. Qc2 Nbd7 8. Nbd2 b6 9. e4 Ba6 10. b3 Rc8 11. Bb2 c5 12. exd5 exd5 13. Rfd1 Qc7 14. cxd5 Nxd5 15. Qf5 N5f6 16. d5 b5 17. Ng5 g6 18. Qh3 h5 19. d6 Qxd6 20. Nde4 Qc7 21. Ne6 Qb6 22. Nxf8 Nxf8 23. Rd6 Rc6 24. Rxc6 1-0

[Event "36th Zalakaros Festival 2017"]
[Site "Zalakaros"]
[Date "2017.05.25"]
[Round "8"]
[White "Paszewski, Mateusz"]
[Black "Marosi, Levente"]
[Result "1-0"]
[ECO "B90"]
[WhiteElo "2327"]
[BlackElo "2286"]
[Annotator "NA"]
[PlyCount "69"]
[EventDate "2017.??.??"]
[EventType "swiss"]
[EventCountry "HUN"]
[SourceTitle "playchess.com"]
[Source "ChessBase"]
[SourceQuality "1"]
[TimeControl "40/5400+30:1800+30"]

1. e4 c5 2. Nf3 d6 3. d4 cxd4 4. Nxd4 Nf6 5. Nc3 a6 6. Be3 e5 7. Nb3 Be6 8. h3 Nc6 9. Qf3 Rc8 10. O-O-O Nb4 11. Kb1 b5 12. a3 Nc6 13. Nd5 Bxd5 14. exd5 e4 15. Qe2 Ne5 16. Bd4 Be7 17. Bxe5 dxe5 18. g4 O-O 19. Bg2 Rc4 20. g5 Ne8 21. h4 f5 22. gxf6 Nxf6 23. Bh3 Bd6 24. Rhg1 Kh8 25. Be6 g6 26. Qe3 Qc7 27. Rc1 Kg7 28. Rg5 Nh5 29. Rxh5 gxh5 30. Rg1+ Kh8 31. Qg5 h6 32. Qxh5 Rf6 33. Qe8+ Bf8 34. Rg8+ Kh7 35. Rxf8 1-0

[Event "36th Zalakaros Festival 2017"]
[Site "Zalakaros"]
[Date "2017.05.25"]
[Round "8"]
[White "Blohberger, Felix"]
[Black "Havasi, Gergo"]
[Result "1-0"]
[ECO "C76"]
[WhiteElo "2319"]
[BlackElo "2402"]
[Annotator "NA"]
[PlyCount "109"]
[EventDate "2017.??.??"]
[EventType "swiss"]
[EventCountry "HUN"]
[SourceTitle "playchess.com"]
[Source "ChessBase"]
[SourceQuality "1"]
[TimeControl "40/5400+30:1800+30"]

1. e4 e5 2. Nf3 Nc6 3. Bb5 a6 4. Ba4 g6 5. c3 d6 6. d4 Bd7 7. O-O Bg7 8. Re1 Nf6 9. Nbd2 Nh5 10. Nf1 O-O 11. dxe5 dxe5 12. Ne3 Nf4 13. Nd5 Ne6 14. Nb4 b5 15. Bb3 Na5 16. Bc2 c6 17. a4 Qc7 18. Qe2 Rfe8 19. h3 Nf4 20. Bxf4 exf4 21. Nd3 Nc4 22. Bb3 c5 23. e5 Bh6 24. axb5 axb5 25. Rxa8 Rxa8 26. Nxf4 Bc6 27. Bxc4 bxc4 28. Qxc4 Ra4 29. b4 cxb4 30. Nd5 Qb7 31. Qxc6 Qxc6 32. Ne7+ Kf8 33. Nxc6 bxc3 34. Re2 Ra1+ 35. Kh2 Rd1 36. Rc2 Rd2 37. Ncd4 Rd3 38. g3 Ke7 39. Kg2 f6 40. exf6+ Kxf6 41. Kf1 Rd1+ 42. Ke2 Rh1 43. h4 Ke7 44. Rxc3 Kd6 45. Rd3 Kc5 46. Ne6+ Kb4 47. Neg5 Rc1 48. Nxh7 Rc2+ 49. Kf1 Rc1+ 50. Kg2 Kc5 51. Nhg5 Bxg5 52. Nxg5 Kc6 53. Rf3 Rc4 54. Rf6+ Kb5 55. Rxg6 1-0

[Event "36th Zalakaros Festival 2017"]
[Site "Zalakaros"]
[Date "2017.05.25"]
[Round "8"]
[White "Secheres, Adrian-Simion"]
[Black "Csiki, Endre"]
[Result "0-1"]
[ECO "A34"]
[WhiteElo "2309"]
[BlackElo "2200"]
[Annotator "NA"]
[PlyCount "82"]
[EventDate "2017.??.??"]
[EventType "swiss"]
[EventCountry "HUN"]
[SourceTitle "playchess.com"]
[Source "ChessBase"]
[SourceQuality "1"]
[TimeControl "40/5400+30:1800+30"]

1. c4 c5 2. Nc3 g6 3. Nf3 Bg7 4. d4 cxd4 5. Nxd4 Nc6 6. Nc2 Bxc3+ 7. bxc3 Nf6 8. e3 Qa5 9. Bb2 d6 10. Be2 Bd7 11. O-O Rc8 12. Nb4 Be6 13. Nd5 Bxd5 14. cxd5 Qxd5 15. Qb1 Qe6 16. c4 b6 17. Qd1 O-O 18. Rc1 Ne5 19. Qd4 Rc7 20. f4 Nc6 21. Qc3 h5 22. Rf3 Kh7 23. e4 Rg8 24. Bd3 Nxe4 25. Qe1 Nc5 26. Be2 f5 27. Rh3 Qf7 28. Qd1 Ne4 29. Bxh5 gxh5 30. Rxh5+ Kg6 31. Qf3 Qe6 32. Qh3 Kf7 33. Rxf5+ Nf6 34. Qh5+ Kf8 35. Kf1 Qf7 36. Qh4 Qg6 37. Rg5 Qd3+ 38. Kg1 Qd2 39. Rxg8+ Nxg8 40. Qh8 e5 41. fxe5 Rf7 0-1

[Event "36th Zalakaros Festival 2017"]
[Site "Zalakaros"]
[Date "2017.05.25"]
[Round "8"]
[White "Pultorak, Jan"]
[Black "Cuhendi, Sean Winshand"]
[Result "0-1"]
[ECO "A01"]
[WhiteElo "2303"]
[BlackElo "2407"]
[Annotator "NA"]
[PlyCount "44"]
[EventDate "2017.??.??"]
[EventType "swiss"]
[EventCountry "HUN"]
[SourceTitle "playchess.com"]
[Source "ChessBase"]
[SourceQuality "1"]
[TimeControl "40/5400+30:1800+30"]

1. b3 d5 2. Bb2 Bf5 3. e3 Nf6 4. f4 e6 5. Nf3 Bd6 6. d3 Nc6 7. Nbd2 Qe7 8. Qe2 e5 9. e4 dxe4 10. dxe4 Bg4 11. Qb5 Bxf3 12. Qxb7 O-O 13. Qxc6 Bh5 14. f5 Rad8 15. Be2 Bb4 16. c3 Bc5 17. b4 Bf2+ 18. Kd1 Rd6 19. Qc4 Qd7 20. Bc1 Rd8 21. Kc2 Rxd2+ 22. Bxd2 Qxd2+ 0-1

[Event "36th Zalakaros Festival 2017"]
[Site "Zalakaros"]
[Date "2017.05.25"]
[Round "8"]
[White "Sadhwani, Raunak"]
[Black "Gara, Anita"]
[Result "1/2-1/2"]
[ECO "B32"]
[WhiteElo "2298"]
[BlackElo "2373"]
[Annotator "NA"]
[PlyCount "133"]
[EventDate "2017.??.??"]
[EventType "swiss"]
[EventCountry "HUN"]
[SourceTitle "playchess.com"]
[Source "ChessBase"]
[SourceQuality "1"]
[TimeControl "40/5400+30:1800+30"]

1. e4 c5 2. Nf3 Nc6 3. d4 cxd4 4. Nxd4 e5 5. Nb5 d6 6. N1c3 a6 7. Na3 Be7 8. Nc4 b5 9. Ne3 Nf6 10. Bd3 O-O 11. O-O Rb8 12. a4 Nb4 13. axb5 axb5 14. Be2 Be6 15. Ncd5 Nbxd5 16. exd5 Bd7 17. c3 Ne4 18. Nc2 f5 19. f3 Nc5 20. Nb4 Qc8 21. f4 Bd8 22. Kh1 Bb6 23. Bf3 Ne4 24. fxe5 dxe5 25. Bxe4 fxe4 26. Bg5 Qc4 27. Be7 Rxf1+ 28. Qxf1 e3 29. Qxc4 bxc4 30. Re1 Ra8 31. h3 h6 32. Bd6 Bf5 33. Bxe5 Re8 34. Bg3 e2 35. d6 Kf7 36. Nc6 Re4 37. Ne5+ Ke6 38. Nf3 Kd5 39. Ra1 Re8 40. Ra6 Bc5 41. Ra5 Kc6 42. Kh2 Kb6 43. Ra1 Rd8 44. Ne5 Kb5 45. Re1 Bd3 46. b3 Bxd6 47. bxc4+ Bxc4 48. Nxc4 Kxc4 49. Bxd6 Rxd6 50. Rxe2 Kxc3 51. Re7 Rg6 52. Rd7 Kc4 53. g4 Kc5 54. Kg3 Kc6 55. Ra7 Kd5 56. h4 Ke5 57. Ra5+ Ke6 58. Ra7 Ke5 59. Rf7 Ke6 60. Rb7 Ke5 61. Ra7 Ke6 62. Kf4 Rf6+ 63. Ke4 Rf7 64. Ra6+ Ke7 65. Ra7+ Ke6 66. Ra6+ Ke7 67. Ke5 1/2-1/2

[Event "36th Zalakaros Festival 2017"]
[Site "Zalakaros"]
[Date "2017.05.25"]
[Round "8"]
[White "Risting, Eivind Olav"]
[Black "Krstulovic, Alex"]
[Result "1-0"]
[ECO "C80"]
[WhiteElo "2297"]
[BlackElo "2280"]
[Annotator "NA"]
[PlyCount "93"]
[EventDate "2017.??.??"]
[EventType "swiss"]
[EventCountry "HUN"]
[SourceTitle "playchess.com"]
[Source "ChessBase"]
[SourceQuality "1"]
[TimeControl "40/5400+30:1800+30"]

1. e4 e5 2. Nf3 Nc6 3. Bb5 a6 4. Ba4 Nf6 5. O-O Nxe4 6. Re1 Nc5 7. Bxc6 dxc6 8. Nxe5 Be7 9. d4 Nd7 10. Qe2 Nxe5 11. Qxe5 Be6 12. Qxg7 Bf6 13. Qh6 Qxd4 14. Bg5 Bxg5 15. Qxg5 h6 16. Qe5 Qxe5 17. Rxe5 O-O-O 18. Nc3 Rd2 19. Rc1 Rg8 20. Kf1 b6 21. b3 Rg6 22. Re2 Rd4 23. Re4 c5 24. f3 Rd2 25. Re2 Rd4 26. Rd1 Bf5 27. Ke1 Kb7 28. Nd5 Rd6 29. Ne3 Bg6 30. Red2 b5 31. c3 Rxd2 32. Rxd2 Kc6 33. f4 Be4 34. Ng4 Rxd2 35. Kxd2 Bxg2 36. Nxh6 Kd5 37. Nxf7 Ke4 38. Ng5+ Kxf4 39. Ne6+ Ke5 40. Nxc5 a5 41. Ke3 Bd5 42. Nd3+ Kd6 43. Kd4 a4 44. bxa4 bxa4 45. a3 Bf7 46. Nc5 Bb3 47. Nxb3 {[%emt 0:01:33] Kd5+ Ke4+} 1-0

[Event "36th Zalakaros Festival 2017"]
[Site "Zalakaros"]
[Date "2017.05.25"]
[Round "8"]
[White "Injac, Teodora"]
[Black "Jakab, Bela"]
[Result "1/2-1/2"]
[ECO "A05"]
[WhiteElo "2296"]
[BlackElo "2216"]
[Annotator "NA"]
[PlyCount "50"]
[EventDate "2017.??.??"]
[EventType "swiss"]
[EventCountry "HUN"]
[SourceTitle "playchess.com"]
[Source "ChessBase"]
[SourceQuality "1"]
[TimeControl "40/5400+30:1800+30"]

1. Nf3 Nf6 2. c4 e6 3. Nc3 d5 4. d4 Be7 5. cxd5 exd5 6. Bg5 c6 7. Qc2 O-O 8. e3 h6 9. Bh4 Ne4 10. Bxe7 Qxe7 11. Bd3 Re8 12. O-O Bf5 13. Rab1 Nd7 14. b4 Nxc3 15. Qxc3 Be4 16. Nd2 Qg5 17. Bxe4 dxe4 18. Nb3 Re6 19. Nc5 Rg6 20. g3 Nf6 21. Nxb7 Qg4 22. Qd2 Nh7 23. Qd1 Qh3 24. f4 Rxg3+ 25. hxg3 Qxg3+ 1/2-1/2

[Event "36th Zalakaros Festival 2017"]
[Site "Zalakaros"]
[Date "2017.05.25"]
[Round "8"]
[White "Chovan, Milan"]
[Black "Terbe, Julianna"]
[Result "1/2-1/2"]
[ECO "D10"]
[WhiteElo "2288"]
[BlackElo "2258"]
[Annotator "NA"]
[PlyCount "113"]
[EventDate "2017.??.??"]
[EventType "swiss"]
[EventCountry "HUN"]
[SourceTitle "playchess.com"]
[Source "ChessBase"]
[SourceQuality "1"]
[TimeControl "40/5400+30:1800+30"]

1. d4 d5 2. c4 c6 3. Nc3 Nf6 4. e3 g6 5. Nf3 Bg7 6. Be2 O-O 7. O-O Be6 8. cxd5 cxd5 9. Qb3 Qb6 10. Qxb6 axb6 11. b3 Nc6 12. Na4 Nd7 13. h3 h6 14. Bd2 g5 15. Bb5 Bf5 16. Rac1 Rfc8 17. Bc3 f6 18. Nd2 e6 19. f3 Bg6 20. e4 f5 21. e5 Bf8 22. Nb1 Rc7 23. a3 f4 24. b4 Rac8 25. Nd2 Be8 26. Nb3 Ncb8 27. Bb2 Rxc1 28. Rxc1 Rxc1+ 29. Bxc1 Bg6 30. h4 Be7 31. hxg5 hxg5 32. g3 fxg3 33. Kg2 Nc6 34. Be3 Kf7 35. Kxg3 Bf5 36. Nc1 Bd8 37. Ne2 Nf8 38. Kf2 Ng6 39. Nac3 Nh4 40. Ng3 Bg6 41. Be2 Na7 42. Bf1 Nf5 43. Nxf5 Bxf5 44. Be2 Be7 45. Kg3 Kg6 46. Nb5 Nc8 47. Bf1 Kf7 48. Bh3 Kg6 49. Bg4 Bd8 50. Bf2 Kf7 51. Bh5+ Ke7 52. Be3 Kd7 53. Nc3 Na7 54. Bg4 Kc6 55. Bh5 Kd7 56. Bg4 Kc6 57. Bh5 1/2-1/2